 Dungeon Crawl Stone Soup version 0.26-a0-487-gbff1e92059 (webtiles) character file.

Game seed: 2580457334534022366

565 Infinimo the Conjurer (level 7, -3/36 HPs)
             Began as a Tengu Fire Elementalist on Aug 1, 2020.
             Slain by an ogre
             ... wielding a +0 giant club
              (26 damage)
             ... on level 4 of the Dungeon.
             The game lasted 00:03:38 (4981 turns).

Infinimo the Conjurer (Tengu Fire Elementalist)     Turns: 4981, Time: 00:03:38

Health: -3/36      AC:  2    Str:  8    XL:     7   Next: 32%
Magic:  10/13      EV: 15    Int: 18    God:
Gold:   124        SH:  0    Dex: 14    Spells: 8/13 levels left

rFire    . . .     SeeInvis .   (no weapon)
rCold    . . .     Faith    .   (no shield)
rNeg     . . .     Spirit   .   a - +0 robe
rPois    .         Reflect  .   (helmet restricted)
rElec    .         Harm     .   (no cloak)
rCorr    .                      (no gloves)
MR       .....                  (boots unavailable)
Stlth    ++........             (no amulet)
HPRegen  0.12/turn              (no ring)
MPRegen  0.13/turn              (no ring)

@: flying quickly and evasively, quick
A: beak, talons 3, able to fly
a: Stop Flying


You were on level 4 of the Dungeon.
You visited 1 branch of the dungeon, and saw 4 of its levels.

You collected 124 gold pieces.

Inventory:

Armour
 a - a +0 robe (worn)
Jewellery
 c - a +6 ring of intelligence {unknown}
 o - an uncursed ring of poison resistance {unknown}
Scrolls
 d - a scroll of fog
 e - 2 scrolls of teleportation {unknown}
 g - a scroll of magic mapping
 i - a scroll of remove curse
 k - a scroll of fear {unknown}
Potions
 b - 2 potions of haste
 f - 2 potions of brilliance
 h - 2 potions of heal wounds {unknown}
 j - 3 potions of curing {unknown}
 m - a potion of degeneration {unknown}


   Skills:
 - Level 2.1 Dodging
 - Level 2.0 Stealth
 + Level 3.5 Spellcasting
 * Level 6.4 Conjurations
 * Level 6.2 Fire Magic


You had 8 spell levels left.
You knew the following spells:

 Your Spells              Type           Power        Failure   Level
a - Foxfire               Conj/Fire      ####         1%          1
b - Sticky Flame          Conj/Fire      ####....     12%         4

Your spell library contained the following spells:

 Spells                   Type           Power        Failure   Level
 Conjure Flame            Conj/Fire      ####....     3%          3
 Inner Flame              Hex/Fire       ##......     13%         3
 Fireball                 Conj/Fire      ####......   32%         5


Dungeon Overview and Level Annotations

Branches:
Dungeon (4/15)
 Temple: D:4-7

Altars:
Wu Jian


Innate Abilities, Weirdness & Mutations

You have a beak for a mouth.
You have claws for feet.
You can fly continuously.


Message History

Casting: Foxfire (safe; 1% risk of failure)
Confirm with . or Enter, or press ? or * to list all spells.
You conjure some foxfire!
The foxfire hits the ogre.
The ogre is moderately wounded.
The foxfire hits the ogre.
The ogre is heavily wounded.
Casting: Foxfire (safe; 1% risk of failure)
Confirm with . or Enter, or press ? or * to list all spells.
You conjure some foxfire!
The foxfire hits the ogre!
The ogre is severely wounded.
The foxfire hits the ogre.
The ogre is severely wounded.
Casting: Foxfire (safe; 1% risk of failure)
Confirm with . or Enter, or press ? or * to list all spells.
You conjure some foxfire!
The ogre hits you with a +0 giant club!!
Ouch! That really hurt!
You die...

#...###..###..###### #..
#....######........###.#
#.....# #.....###......
#.....# #.........#####
#....######..O####.#
#...###..###.......#
##.###....###.####.#
#[##..v..)##......#
#....v@O......###....
##########....# ### #
######


You could see an ogre.

Vanquished Creatures
  4 ogres
  A bullfrog skeleton (D:4)
  A centaur skeleton (D:4)
  A hound (D:4)
  6 adders
  An ooze (D:1)
  3 worms
  A dart slug (D:1)
  3 leopard geckos
  2 orcs
  2 ball pythons
  4 giant cockroaches
  6 hobgoblins
  3 jackals
  A quokka (D:3)
  9 bats
  4 frilled lizards
  17 goblins
  6 kobolds
  A quokka skeleton (D:3)
  8 rats
84 creatures vanquished.

Vanquished Creatures (others)
  356 foxfires
356 creatures vanquished.

Grand Total: 440 creatures vanquished

Notes
Turn   | Place    | Note
-------+----------+-------------------------------------------
     0 | D:1      | Infinimo the Tengu Fire Elementalist began the quest for
                  | the Orb.
     0 | D:1      | Reached XP level 1. HP: 10/10 MP: 4/4
   322 | D:1      | Reached XP level 2. HP: 15/15 MP: 3/6
   958 | D:1      | Reached XP level 3. HP: 14/19 MP: 7/7
  1828 | D:2      | Reached XP level 4. HP: 20/24 MP: 3/8
  2901 | D:3      | HP: 1/24 [goblin/+3 dagger (3)]
  3260 | D:3      | Found an ornate altar of the Wu Jian Council.
  3273 | D:3      | Learned a level 4 spell: Sticky Flame
  3431 | D:3      | Gained mutation: You can fly continuously. [Tengu growth]
  3431 | D:3      | Reached XP level 5. HP: 28/28 MP: 5/9
  3729 | D:3      | Found a faded altar of an unknown god.
  3992 | D:3      | Noticed an ogre
  4129 | D:3      | Killed an ogre
  4129 | D:3      | Reached skill level 5 in Fire Magic
  4129 | D:3      | Reached XP level 6. HP: 4/32 MP: 8/11
  4130 | D:3      | Reached skill level 5 in Conjurations
  4902 | D:4      | Reached XP level 7. HP: 24/36 MP: 8/13
  4981 | D:4      | Slain by an ogre

Illustrated notes

Levels and vault maps discovered:
D:1:      tarquinn_simple_flora_water_d, layout_basic
D:2:      layout_loops_ring
D:3:      layout_rooms, lemuel_round_altar,
          chequers_ecumenical_altar_simple_redux, portal_sewer_entry_e,
          minmay_ogre_servants
D:4:      layout_basic, ebering_ghost_sewer_f, minivault_19,
          kennysheep_small_spiral

Skill      XL: |  1  2  3  4  5  6  7 |
---------------+----------------------+-----
Conjurations   | 2 3 4 6 |  6.4
Fire Magic     | 4 5 6 |  6.2
Spellcasting   | 3 |  3.5
Dodging        | |  2.1
Stealth        | |  2.0

Action                   |  1- 3 |  4- 6 |  7- 9 || total
-------------------------+-------+-------+-------++-------
Melee: Unarmed           |    25 |    20 |       ||    45
       Kick              |     6 |     7 |       ||    13
       Peck              |     2 |     4 |       ||     6
 Cast: Foxfire           |    73 |   130 |     8 ||   211
 Abil: Fly               |       |     1 |       ||     1
  Use: Scroll            |       |     7 |       ||     7
 Stab: Sleeping          |     2 |       |       ||     2
Armor: Robe              |     6 |     6 |     1 ||    13
Dodge: Dodged            |    28 |    66 |     7 ||   101

Table legend: (Time is in decaauts)
 A = Elapsed time spent in this place.
 B = Non-inter-level travel time spent in this place.
 C = Inter-level travel time spent in this place.
 D = Time resting spent in this place.
 E = Time spent auto-exploring this place.
 F = Levels seen in this place.
 G = Mean time per level.
                   A        B        C        D        E       F      G
               +--------+--------+--------+--------+--------+-----+--------+
         Total |   4918 |   4843 |     75 |     10 |   4051 |   4 | 1229.5 |
       Dungeon |   4918 |   4843 |     75 |     10 |   4051 |   4 | 1229.5 |
               +--------+--------+--------+--------+--------+-----+--------+

Top non-repeatable levels by time:
     D:3: 1629 daAuts
     D:2: 1458 daAuts
     D:1: 1383 daAuts
     D:4: 447 daAuts
